 Dungeon Crawl Stone Soup version 0.29.1-15-g9cfb28693d (webtiles) character file.

Game seed: 3261717628829840314

3796 Jase the Covert (level 9, -18/39 HPs)
             Began as a Spriggan Enchanter on Apr 23, 2023.
             Was an Elder of Okawaru.
             Killed from afar by an acid dragon (24 damage)
             ... with a splash of acid
             ... on level 10 of the Dungeon.
             The game lasted 00:49:23 (11832 turns).

Jase the Covert (Spriggan Enchanter)               Turns: 11832, Time: 00:49:24

Health: -18/39     AC: -1    Str:  4    XL:     9   Next: 96%
Magic:  15/19      EV: 20    Int: 21    God:    Okawaru [****..]
Gold:   314        SH:  0    Dex: 15    Spells: 13/21 levels left

rFire   . . .      SeeInvis +   a - +1 dagger
rCold   . . .      Faith    .   (no shield)
rNeg    . . .      Spirit   .   d - +1 robe
rPois   .          Reflect  .   (helmet restricted)
rElec   .          Harm     .   (no cloak)
rCorr   .          Rampage  .   (gloves unavailable)
Will    +....                   (boots unavailable)
Stlth   ++++......              (no amulet)
HPRegen 0.13/turn               (no ring)
MPRegen 0.16/turn               (no ring)

@: confusing by touch, corroded, very quick
A: very small, no large weapons, unfitting armour, see invisible, speed 3
a: Renounce Religion, Heroism, Finesse


You were on level 10 of the Dungeon.
You worshipped Okawaru.
Okawaru was greatly pleased with you.
You visited 1 branch of the dungeon, and saw 10 of its levels.

You collected 314 gold pieces.

Inventory:

Hand Weapons
 a - a +1 dagger (weapon)
 m - a +0 dagger of holy wrath
 p - a +0 short sword
Missiles
 l - 4 poisoned darts (quivered)
 n - 52 stones
 F - 6 atropa-tipped darts
Armour
 d - a +1 robe (worn)
Wands
 u - a wand of quicksilver (12)
 y - a wand of flame (40)
 G - a wand of digging (4)
 H - a wand of iceblast (5)
Scrolls
 b - a scroll of magic mapping {unknown}
 e - 2 scrolls of amnesia
 f - 4 scrolls of teleportation
 g - a scroll of immolation {unknown}
 h - a scroll of enchant weapon {unknown}
 i - 2 scrolls of vulnerability {unknown}
 k - a scroll of enchant armour
 o - a scroll of butterflies {unknown}
 t - a scroll of blinking
 z - a scroll of silence {unknown}
 B - a scroll of acquirement {unknown}
 E - a scroll of poison {unknown}
Potions
 c - 3 potions of invisibility
 j - 2 potions of degeneration {unknown}
 q - 3 potions of brilliance {unknown}
 r - 3 potions of lignification {unknown}
 s - a potion of mutation
 v - a potion of haste
 w - 2 potions of curing {unknown}
 x - 2 potions of heal wounds {unknown}
 A - a potion of berserk rage
 C - 2 potions of attraction
 D - a potion of resistance


   Skills:
 * Level 7.9 Short Blades
 + Level 7.2 Dodging
 + Level 9.0 Stealth
 + Level 6.5 Spellcasting
 - Level 2.0 Conjurations
 + Level 8.3 Hexes
 - Level 2.0 Ice Magic
 + Level 4.3 Invocations


You had 13 spell levels left.
You knew the following spells:

 Your Spells              Type           Power      Damage    Failure   Level
a - Ensorcelled Hibernat  Hex/Ice        56%        N/A       1%          2
b - Confusing Touch       Hex            42%        N/A       1%          3
c - Dazzling Flash        Conj/Hex       56%        N/A       3%          3

Your spell library contained the following spells:

 Spells                   Type           Power      Damage    Failure   Level
 Anguish                  Hex/Necr       12%        N/A       17%         4
 Spider Form              Tmut/Pois      6%         N/A       28%         3
 Irradiate                Conj/Tmut      5%         3d13      86%         5
 Blade Hands              Tmut           3%         N/A       95%         5
 Dragon Form              Tmut           3%         N/A       100%        7
 Tukima's Dance           Hex            Unusable   N/A       N/A         3

Dungeon Overview and Level Annotations

Branches:
Dungeon (10/15)            Temple (0/1) D:4
   Lair: D:8-11         Orc: D:9-12

Altars:
Elyvilon
Fedhas
Okawaru
Uskayaw
Xom
Zin

Shops:
D:4 (   D:7 (

Annotations:
D:3 1 runed translucent door, KittyFluff's ghost, amateur GrBe
D:4 2 transporters, GasterBasher's ghost, amateur DrBe
D:5 1 runed translucent door, nroviw's ghost, novice DjFE


Innate Abilities, Weirdness & Mutations

You are very small and have problems with some larger weapons.
You are too small for most types of armour.
You have supernaturally acute eyesight. (SInv)
You cover ground extremely quickly. (Speed+++)


Message History

Okay, then.
There is a stone staircase leading up here.
Found a stone staircase leading down.
A howler monkey comes into view.
A vampire, an acid dragon and a howler monkey come into view.
The howler monkey howls!
The acid dragon roars!
The acid dragon spits acid at you. The splash of acid misses you.
The vampire gestures wildly while chanting.
The vampire flickers and vanishes for a moment.
Found a rapier.
The howler monkey hoots and howls with incredible vigour!
You hear a howl!
You hear a bellow!
There is a stone staircase leading up here.
Casting: Confusing Touch (safe; 1% risk of failure)
Confirm with . or Enter, or press ? or * to list all spells.
Aiming: Ensorcelled Hibernation (safe; 1% risk of failure)
Press: ? - help, Shift-Dir - straight line, f - howler monkey
Aim: a howler monkey (chance to affect: 67%)
The howler monkey looks drowsy...
The helpless howler monkey fails to defend itself.
You stick the howler monkey like a pincushion!!!
You kill the howler monkey!
Okawaru accepts your kill.
Casting: Ensorcelled Hibernation (safe; 1% risk of failure)
Confirm with . or Enter, or press ? or * to list all spells.
Your hands begin to glow red.
The vampire hits you. The vampire bites you.
The vampire draws strength from your injuries!
You hit the vampire but do no damage. You barely miss the vampire.
The acid dragon spits acid at you. The splash of acid hits you!
The acid corrodes you! The vampire hits you. The vampire bites you!
* * * LOW HITPOINT WARNING * * *
The vampire draws strength from your injuries!
Unknown command.
The acid dragon spits acid at you. The splash of acid hits you!!
Ouch! That really hurt!
You die...

#............).......
#......D............
#.....#............
#.................
##....V...........
#...............
##...#..........
#....#..........
##......@........
........<........
..................
.................
.................
................
................
................
..[.............


You could see a vampire (invisible) and an acid dragon (catching breath).

Vanquished Creatures
  3 hornets (D:8)
  Grinder (D:5)
  A wraith (D:10)
  4 vampire mosquitoes
  A steam dragon (D:6)
  An orc warrior (D:7)
  4 sky beasts
  2 black bears
  An ogre (D:6)
  3 centaurs
  A bullfrog (D:7)
  4 wights (D:7)
  6 howler monkeys
  A jelly (D:7)
  5 hounds
  4 orc priests
  3 orc wizards
  Ijyb (D:4)
  4 iguanas
  Natasha (D:4)
  13 adders
  A shadow imp (D:6)
  A white imp (D:6)
  3 worms
  3 dart slugs
  18 orcs
  6 endoplasms
  12 goblins
  8 hobgoblins
  4 jackals (D:5)
  5 quokkas
  5 ball pythons
  3 bats
  3 frilled lizards
  5 kobolds
  8 rats
149 creatures vanquished.

Vanquished Creatures (others)
  6 plants (D:4)
6 creatures vanquished.

Grand Total: 155 creatures vanquished

Notes
Turn   | Place    | Note
-------+----------+-------------------------------------------
     0 | D:1      | Jase the Spriggan Enchanter began the quest for the Orb.
     0 | D:1      | Reached XP level 1. HP: 9/9 MP: 5/5
   871 | D:1      | Reached XP level 2. HP: 13/13 MP: 6/6
   874 | D:1      | Learned a level 2 spell: Ensorcelled Hibernation
  2980 | D:2      | Reached XP level 3. HP: 16/16 MP: 8/8
  3404 | D:2      | Found a faded altar of an unknown god.
  3545 | D:2      | Found a shimmering altar of Xom.
  3937 | D:2      | Reached XP level 4. HP: 13/21 MP: 0/9
  4623 | D:3      | Reached skill level 5 in Stealth
  4623 | D:3      | Reached skill level 1 in Ice Magic
  4623 | D:3      | Reached XP level 5. HP: 24/24 MP: 3/11
  4935 | D:3      | Found a runed translucent door.
  4935 | D:3      | Noticed KittyFluff's ghost (amateur GrBe)
  5192 | D:4      | Learned a level 3 spell: Confusing Touch
  5196 | D:4      | Learned a level 3 spell: Tukima's Dance
  5210 | D:4      | Reached skill level 5 in Hexes
  5268 | D:4      | Noticed Natasha
  5296 | D:4      | Killed Natasha
  5396 | D:4      | Noticed GasterBasher's ghost (amateur DrBe)
  5443 | D:4      | Found a glowing silver altar of Zin.
  5444 | D:4      | Found a blossoming altar of Fedhas.
  5444 | D:4      | Found a white marble altar of Elyvilon.
  5445 | D:4      | Found an iron altar of Okawaru.
  5453 | D:4      | Became a worshipper of Warmaster Okawaru
  5798 | D:4      | Noticed Ijyb
  5804 | D:4      | Killed Ijyb
  5805 | D:4      | Reached XP level 6. HP: 28/28 MP: 12/12
  5898 | D:4      | Found a staircase to the Ecumenical Temple.
  5910 | D:4      | Found a transporter.
  6048 | D:4      | Found a transporter.
  6379 | D:4      | Found Ijoeles's Weapon Emporium.
  6682 | D:5      | Entered Level 5 of the Dungeon
  6721 | D:5      | Noticed Grinder
  6735 | D:5      | Killed Grinder
  6736 | D:5      | Reached skill level 1 in Invocations
  6736 | D:5      | Reached XP level 7. HP: 19/32 MP: 10/14
  6979 | D:5      | Reached * piety under Okawaru
  6980 | D:5      | Reached skill level 6 in Stealth
  7485 | D:5      | Found a runed translucent door.
  7661 | D:5      | Found a hide-covered altar of Uskayaw.
  7972 | D:5      | Noticed nroviw's ghost (novice DjFE)
  8163 | D:6      | Noticed a steam dragon
  8168 | D:6      | Killed a steam dragon
  8265 | D:6      | Reached skill level 5 in Short Blades
  8265 | D:6      | Reached skill level 5 in Dodging
  8265 | D:6      | Reached XP level 8. HP: 36/36 MP: 12/15
  8524 | D:6      | Reached ** piety under Okawaru
  8525 | D:6      | Reached skill level 1 in Conjurations
  9109 | D:6      | Reached skill level 5 in Spellcasting
  9224 | D:7      | Found Quzxies's Weapon Shop.
  9380 | D:7      | Reached skill level 7 in Stealth
  9743 | D:7      | Learned a level 3 spell: Dazzling Flash
 10193 | D:7      | Reached XP level 9. HP: 39/39 MP: 15/18
 10263 | D:7      | Reached *** piety under Okawaru
 10784 | D:8      | Reached skill level 8 in Stealth
 11113 | D:8      | Reached **** piety under Okawaru
 11578 | D:10     | Entered Level 10 of the Dungeon
 11599 | D:10     | Reached skill level 9 in Stealth
 11832 | D:10     | Killed from afar by an acid dragon

Illustrated notes

Levels and vault maps discovered:
D:1:      erik_arrival_triangle_huge, layout_basic, minmay_split_cup_large
D:2:      layout_basic, hellmonk_ecumenical_altar_zigzags, basic_altar,
          kennysheep_potato
D:3:      layout_basic, gammafunk_ghost_grave
D:4:      layout_basic, chequers_temple_overflow_statue_of_worship,
          minmay_temple_entry_statues_fountains, gammafunk_ghost_gnarly_gnolls,
          serial_shops, kennysheep_mini_moat, st_stairs_6, solitary_fountain,
          uniq_ijyb, uniq_natasha
D:5:      layout_gridville, eat_drink_and_be_merry_uskayaw,
          ebering_ghost_sewer_d, minivault_26, uniq_grinder
D:6:      layout_loops_ring
D:7:      layout_gridville, serial_shops, shop
D:8:      nicolae_cairo_tiling_large_dashed, layout_rooms
D:9:      minmay_weird_star, layout_basic, tso_altar, serial_shops,
          nicolae_square_shop
D:10:     layout_cross, david_orc_1_choice

Skill      XL: |  1  2  3  4  5  6  7  8  9 |
---------------+----------------------------+-----
Hexes          | 4 5 6 7 8 |  8.3
Dodging        | 3 4 5 7 |  7.2
Short Blades   | 2 3 4 5 6 7 |  7.9
Spellcasting   | 3 4 5 6 |  6.5
Stealth        | 5 6 7 9 |  9.0
Ice Magic      | 1 2 |  2.0
Invocations    | 1 2 3 4 |  4.3
Conjurations   | 1 2 |  2.0

Action                   |  1- 3 |  4- 6 |  7- 9 || total
-------------------------+-------+-------+-------++-------
Melee: Dagger            |    83 |    56 |   186 ||   325
       Punch             |       |     1 |     1 ||     2
Throw: Dart              |     1 |     1 |       ||     2
 Cast: Ensorcelled Hiber |    38 |    49 |    70 ||   157
       Confusing Touch   |       |     1 |    13 ||    14
  Use: Scroll            |       |       |     9 ||     9
 Stab: Sleeping          |    31 |    36 |    56 ||   123
       Distracted        |     1 |     1 |     1 ||     3
       Confused          |       |     1 |    12 ||    13
Armor: Robe              |     6 |     5 |     8 ||    19
Dodge: Dodged            |    62 |    27 |   136 ||   225
